 Dungeon Crawl Stone Soup version 0.24.0-10-g970556be89 (webtiles) character file.

Game seed: 10988934720909857197, levelgen mode: deterministic

1687 emikaela the Grappler (level 9, 0/63 (75) HPs)
             Began as a Ghoul Summoner on Nov 4, 2019.
             Was an Initiate of Wu Jian.
             Killed from afar by a steam dragon (15 damage)
             ... with a ball of steam
             ... on level 7 of the Dungeon.
             The game lasted 00:36:59 (10715 turns).

emikaela the Grappler (Ghoul Summoner)             Turns: 10715, Time: 00:37:00

HP:   0/63 (75)     AC:  4    Str: 14    XL:     9   Next: 2%
MP:   2/11          EV: 12    Int: 11    God:    Wu Jian [......]
Gold: 412           SH:  0    Dex:  9    Spells: 6/12 levels left

rFire    . . .     SeeInvis .     - Unarmed
rCold    + . .     Gourm    .   (no shield)
rNeg     + + +     Faith    +   o - +0 animal skin
rPois    ∞         Spirit   .   k - +0 helmet
rElec    .         Reflect  .   z - +0 cloak
rCorr    .         Harm     .   (no gloves)
MR       .....                  (no boots)
Stlth    ++........             E - amulet of faith {!P}
HPRegen  0.20/turn              (no ring)
MPRegen  0.12/turn              (no ring)

@: very slightly contaminated, rotting
A: rotting body, claws 1, carnivore, cold resistance 1, negative energy
resistance 3, inhibited regeneration, torment resistance, unbreathing
a: Renounce Religion


You were on level 7 of the Dungeon.
You worshipped Wu Jian.
Wu Jian was noncommittal.
You were not hungry.

You visited 2 branches of the dungeon, and saw 8 of its levels.
You also visited: Sewer.

You collected 412 gold pieces.

Inventory:

Hand Weapons
 a - a +0 hunting sling
Missiles
 c - 52 bolts
 d - 9 boomerangs
 q - 80 arrows
 s - 270 stones (quivered)
 S - 61 sling bullets
Armour
 k - a +0 helmet (worn)
 l - a +1 scale mail of fire resistance
 o - a +0 animal skin (worn)
 z - a +0 cloak (worn)
 H - a +0 pair of boots
Jewellery
 y - an uncursed ring of see invisible {unknown}
 B - an uncursed amulet of rage {unknown}
 E - an amulet of faith (around neck) {!P}
 I - a +2 amulet of reflection {unknown}
Scrolls
 f - 10 scrolls of identify {unknown}
 h - 3 scrolls of magic mapping {unknown}
 i - 3 scrolls of enchant armour {unknown}
 j - 2 scrolls of random uselessness {unknown}
 m - 3 scrolls of fog {unknown}
 p - a scroll of amnesia {unknown}
 u - a scroll of fear {unknown}
 v - a scroll of blinking {unknown}
 C - a scroll of enchant weapon {unknown}
 D - a scroll of teleportation {unknown}
 F - a scroll of noise {unknown}
 G - a scroll of summoning {unknown}
Potions
 b - a potion of berserk rage {unknown}
 g - a potion of brilliance {unknown}
 n - a potion of might
 t - 3 potions of curing {unknown}
 w - a potion of heal wounds {unknown}
 x - 4 potions of flight {unknown}
 A - a potion of magic {unknown}
Comestibles
 r - 8 rations


   Skills:
 - Level 6.0 Fighting
 + Level 1.8 Dodging
 - Level 2.1 Stealth
 - Level 10.1 Unarmed Combat
 - Level 2.0 Spellcasting
 - Level 4.0 Summonings


You had 6 spell levels left.
You knew the following spells:

 Your Spells              Type           Power        Failure   Level  Hunger
a - Summon Small Mammal   Summ           #...         5%          1    ##.....
b - Call Imp              Summ           #.......     9%          2    ###....
c - Call Canine Familiar  Summ           #.......     17%         3    ####...

Your spell library contained the following spells:

 Spells                   Type           Power        Failure   Level  Hunger
 Summon Guardian Golem    Hex/Summ       #.......     36%         3    ####...
 Summon Ice Beast         Ice/Summ       #.......     77%         4    #####..
 Summon Lightning Spire   Summ/Air       #.......     77%         4    #####..


Dungeon Overview and Level Annotations

Branches:
Dungeon (7/15)             Temple (1/1) D:7           Sewer (visited)

Altars:
Cheibriados
Dithmenos
Elyvilon
Gozag
Hepliaklqana
Kikubaaqudgha
Makhleb
Nemelex Xobeh
Okawaru
Qazlal
Ru
Sif Muna
Trog
Uskayaw
Vehumet
Wu Jian
Xom
Yredelemnul
The Shining One

Shops:
D:5 [   D:6 [   D:7 (

Annotations:
D:7 Dowan, Prince Ribbit


Innate Abilities, Weirdness & Mutations

Your body is rotting away.
You thrive on raw meat.
You are immune to poison.
You have sharp fingernails.
You are carnivorous and can eat meat at any time.
Your flesh is cold resistant. (rC+)
You are immune to negative energy. (rN+++)
You do not regenerate when monsters are visible.
You are immune to unholy pain and torment.
You can survive without breathing.


Message History

Your white imp hits the plant but does no damage.
You swap places.
The steam dragon breathes steam at you. The ball of steam hits you!
The steam dragon bites your crimson imp!
The steam dragon barely misses your crimson imp.
Your white imp gestures at the steam dragon.
The puff of frost hits the steam dragon!
Your crimson imp blinks!
Your crimson imp barely misses the steam dragon.
The steam dragon breathes steam at you.
The ball of steam misses your crimson imp.
The ball of steam hits you.
* * * LOW HITPOINT WARNING * * *
Your crimson imp hits the steam dragon.
The steam dragon breathes steam at you.
The ball of steam hits your crimson imp.
Your crimson imp resists.
The ball of steam hits you!
You die...

♣♣...§.5...§§♣D###
♣.......<..§..5§#
♣♣♣..§#..###♣∩♣#§##
≈≈♣♣.#..## #..##.D#
P≈♣♣...## ##.♣###5#
§≈≈♣..## #..# #..#
5≈♣..## #.## #§##
♣..## #.# #§# ♣..##
#.# #@## ..## #.#
#..# .# #.# ##.# #
#.# #..# #.# #.##
#.# #.# #.# #.#
#.## #.# #..###.#


There were no monsters in sight!

Vanquished Creatures
  Purgy (Sewer)
  An orc warrior (D:6)
  A hornet zombie (D:7)
  2 centaurs
  A bullfrog (D:6)
  A scorpion (D:6)
  2 crimson imps
  A hound (D:7)
  4 orc priests
  4 orc wizards
  Crazy Yiuf (D:4)
  A bullfrog skeleton (D:3)
  Jessica (D:3)
  An iguana (D:7)
  7 worker ants
  A hound skeleton (D:4)
  3 worker ant zombies
  Robin (D:2)
  8 adders
  3 river rats (D:5)
  2 oozes
  2 adder skeletons (D:5)
  A worm (D:2)
  4 dart slugs
  5 leopard geckos
  7 orcs
  A ball python (Sewer)
  7 bats
  2 giant cockroaches
  10 goblins
  12 hobgoblins
  16 jackals
  6 kobolds
  5 quokkas
  7 frilled lizards
  7 rats
139 creatures vanquished.

Vanquished Creatures (collateral kills)
  Duvessa (D:7)
  An ogre (D:4)
  A scorpion (D:2)
  A crimson imp (D:3)
  A hound (D:5)
  2 orc priests
  3 orc wizards (D:3)
  An iguana (D:6)
  A statue (D:4)
  A worker ant (D:7)
  4 river rats (D:5)
  3 adders
  5 worms
  A dart slug (D:1)
  A leopard gecko (D:4)
  6 orcs
  8 goblins
  2 hobgoblins
  2 jackals (D:7)
  A quokka (D:7)
  A bat (D:1)
  5 frilled lizards
  3 kobolds (D:2)
  3 rats
58 creatures vanquished.

Vanquished Creatures (others)
  7 fungi (D:7)
  4 plants (D:7)
11 creatures vanquished.

Grand Total: 208 creatures vanquished

Notes
Turn   | Place    | Note
-------+----------+-------------------------------------------
     0 | D:1      | emikaela the Ghoul Summoner began the quest for the Orb.
     0 | D:1      | Reached XP level 1. HP: 14/14 MP: 2/2
    93 | D:1      | Reached XP level 2. HP: 18/21 MP: 3/3
    97 | D:1      | Learned a level 2 spell: Call Imp
   125 | D:1      | Reached skill level 1 in Unarmed Combat
   410 | D:1      | Reached skill level 1 in Fighting
   552 | D:1      | Reached XP level 3. HP: 26/28 MP: 3/5
   767 | D:1      | Reached skill level 2 in Unarmed Combat
  1070 | D:1      | Learned a level 3 spell: Call Canine Familiar
  1360 | D:2      | Noticed a scorpion
  1669 | D:2      | Reached XP level 4. HP: 33/35 MP: 2/6
  1854 | D:2      | Noticed Robin
  1883 | D:2      | Reached skill level 3 in Unarmed Combat
  2124 | D:2      | Killed Robin
  2276 | D:2      | Reached XP level 5. HP: 28/41 MP: 3/7
  3014 | D:3      | Reached skill level 4 in Unarmed Combat
  3468 | D:3      | Reached XP level 6. HP: 32/51 MP: 2/8
  3844 | D:3      | Reached skill level 5 in Unarmed Combat
  3893 | D:3      | Noticed Jessica
  3904 | D:3      | Killed Jessica
  4588 | D:4      | Reached XP level 7. HP: 54/58 MP: 4/9
  4732 | D:4      | Found a runed translucent door.
  4733 | D:4      | Noticed Crazy Yiuf
  4971 | D:4      | Reached skill level 6 in Unarmed Combat
  5199 | D:4      | Found a radiant altar of Vehumet.
  5554 | D:4      | Killed Crazy Yiuf
  5672 | D:5      | Entered Level 5 of the Dungeon
  5672 | D:5      | Found a glowing golden altar of the Shining One.
  5754 | D:5      | Found Taipiany's Armour Boutique.
  6272 | D:5      | Found a glowing drain.
  6279 | Sewer    | Entered a sewer
  6395 | Sewer    | Noticed Purgy
  6432 | Sewer    | Killed Purgy
  6432 | Sewer    | Reached skill level 7 in Unarmed Combat
  6621 | D:5      | Reached skill level 5 in Fighting
  7103 | D:5      | Reached XP level 8. HP: 66/66 MP: 4/10
  7599 | D:6      | Found Niatoikk's Armour Emporium.
  7669 | D:6      | Reached skill level 8 in Unarmed Combat
  8389 | D:7      | Found Guecaevu's Antique Weapon Emporium.
  8437 | D:7      | Noticed Prince Ribbit
  8636 | D:7      | Reached skill level 9 in Unarmed Combat
  8783 | D:7      | Noticed Dowan
  8785 | D:7      | Noticed Duvessa
  8787 | D:7      | Identified the ring "Baifoet" {Ice Dex+4}
  8800 | D:7      | Killed Duvessa
  9177 | D:7      | Found a staircase to the Ecumenical Temple.
  9217 | Temple   | Entered the Ecumenical Temple
  9628 | Temple   | Became a worshipper of the Wu Jian Council
  9923 | D:7      | Reached skill level 10 in Unarmed Combat
  9923 | D:7      | Reached XP level 9. HP: 42/68 MP: 11/11
 10715 | D:7      | Killed from afar by a steam dragon

Levels and vault maps discovered:
D:1:      dpeg_arrival_short_road, layout_loops_cross, minmay_pentomino_o2
D:2:      minmay_angry_zag, layout_basic, uniq_robin
D:3:      layout_basic, first_ration, uniq_jessica
D:4:      layout_loops_ring, vehumet_statue, uniq_crazy_yiuf_cottage
D:5:      layout_loops_ring, lightli_sewer_entry_pipes, basic_altar,
          serial_shops, shop
D:6:      layout_cave_pools, serial_shops, nicolae_shop_trees
D:7:      minmay_inner_zag, layout_rooms, zin_scriptorium, fedhas_altar_3,
          minmay_temple_entry_grid, serial_bayou, serial_bayou_lagoon_b,
          serial_bayou_pond_c, serial_bayou_pond_e, serial_bayou_shore_b,
          serial_shops, nicolae_shop_trees, kennysheep_generic_room_5,
          uniq_prince_ribbit1, uniq_duvessa
Temple:   dpeg_five_rooms_temple

Skill      XL: |  1  2  3  4  5  6  7  8 |
---------------+-------------------------+-----
Unarmed Combat | 1 2 3 4 5 7 10 | 10.1
Spellcasting   | 2 |  2.0
Fighting       | 1 2 3 5 6 |  6.0
Summonings     | 4 |  4.0
Dodging        | |  1.8
Stealth        | |  2.1

Action                   |  1- 3 |  4- 6 |  7- 9 || total
-------------------------+-------+-------+-------++-------
Melee: Unarmed           |   127 |   195 |   291 ||   613
       Punch             |       |     2 |    10 ||    12
 Cast: Summon Small Mamm |    26 |    11 |     6 ||    43
       Call Imp          |     7 |    48 |   132 ||   187
       Call Canine Famil |       |       |     5 ||     5
Invok: Lunge             |       |       |     1 ||     1
 Stab: Sleeping          |     3 |     1 |     7 ||    11
       Distracted        |       |     2 |     2 ||     4
  Eat: Chunk             |    13 |    10 |    29 ||    52
       Ration            |       |       |     4 ||     4
Armor: Robe              |    17 |    11 |       ||    28
       Animal skin       |       |    15 |    39 ||    54
Dodge: Dodged            |    62 |    93 |   165 ||   320
